 Dungeon Crawl Stone Soup version 0.21-a0-529-g8c7b3f5 (webtiles) character file.

200 kiturien the Gusty (level 5, -1/28 HPs)
             Began as a Tengu Air Elementalist on Dec 10, 2017.
             Slain by KristoblXynda's ghost (16 damage)
             ... on level 3 of the Dungeon.
             The game lasted 00:16:57 (3601 turns).

kiturien the Gusty (Tengu Air Elementalist)         Turns: 3601, Time: 00:16:58

Health: -1/28      AC:  3    Str:  8    XL:     5   Next: 78%
Magic:  1/11       EV: 12    Int: 17    God:
Gold:   119        SH:  2    Dex: 14    Spells: 4/11 levels left

rFire    . . .     SeeInvis .   h - +0 dagger (speed)
rCold    . . .     Gourm    .   (no shield)
rNeg     . . .     Faith    .   a - +0 robe
rPois    .         Spirit   .   (helmet restricted)
rElec    .         Reflect  +   (no cloak)
rCorr    .         Harm     .   m - +0 pair of gloves
MR       .....                  (boots unavailable)
Stlth    ++........             e - +2 amulet of reflection
HPRegen  0.09/turn              (no ring)
MPRegen  0.12/turn              (no ring)

@: sluggish, very slow
A: beak, talons 3, able to fly 1
a: Fly


You were on level 3 of the Dungeon.
You were not hungry.

You visited 1 branch of the dungeon, and saw 3 of its levels.

You collected 119 gold pieces.

Inventory:

Hand Weapons
 h - a +0 dagger of speed (weapon)
Armour
 a - a +0 robe (worn)
 m - a +0 pair of gloves (worn)
Jewellery
 e - a +2 amulet of reflection (around neck)
Scrolls
 d - 2 scrolls of identify
 i - 6 scrolls of teleportation
Potions
 j - 2 potions of curing
 l - 2 potions of might
Books
 b - a book of Air

   Spells                             Type                      Level
   a - Shock                          Conjuration/Air              1
   b - Swiftness                      Charms/Air                   2
   c - Static Discharge               Conjuration/Air              3
   d - Airstrike                      Air                          4
   e - Lightning Bolt                 Conjuration/Air              5
Comestibles
 c - 3 bread rations
 f - a royal jelly
 g - 4 chunks of flesh
 k - 4 fruits


   Skills:
 - Level 2.1 Dodging
 - Level 2.3 Stealth
 + Level 3.7 Spellcasting
 - Level 1.3 Conjurations
 + Level 6.6 Air Magic


You had 4 spell levels left.
You knew the following spells:

 Your Spells              Type           Power        Failure   Level  Hunger
a - Shock                 Conj/Air       ###.         3%          1    None
b - Swiftness             Chrm/Air       ##......     6%          2    ##.....
c - Airstrike             Air            ####......   11%         4    ####...


Dungeon Overview and Level Annotations

Branches:
Dungeon (3/15)

Altars:
Dithmenos

Annotations:
D:3 KristoblXynda's ghost, amateur BaGl


Innate Abilities, Weirdness & Mutations

You have a beak for a mouth.
You have claws for feet.
You can fly.


Message History

KristoblXynda's ghost is almost destroyed.
You feel sluggish.
KristoblXynda's ghost closely misses you.
You miss KristoblXynda's ghost.
KristoblXynda's ghost is almost destroyed.
You hit KristoblXynda's ghost but do no damage.
You claw KristoblXynda's ghost, but do no damage.
KristoblXynda's ghost is almost destroyed.
KristoblXynda's ghost closely misses you.
You hit KristoblXynda's ghost. Your kick misses KristoblXynda's ghost.
KristoblXynda's ghost is almost destroyed.
KristoblXynda's ghost barely misses you.
You hit KristoblXynda's ghost but do no damage.
KristoblXynda's ghost is almost destroyed.
You completely miss KristoblXynda's ghost.
Your kick misses KristoblXynda's ghost.
KristoblXynda's ghost is almost destroyed.
KristoblXynda's ghost hits you!
Ouch! That really hurt!
You die...

#.########.# #.# #.# #.#
###'## ###.## #....# #....#
#....# #....#####....#
#.............#
#....#####....########
#....#...'@..........#
########.###W...##.....####
#............#####........###
#.......)####...##...........
#........# #...##......#....
#........# #...###.....#....
################...#
#.#'#.#....
#..................#
#...#.#....
##.###############'##
#.....#....


You could see KristoblXynda's ghost.

Vanquished Creatures
  An orc priest (D:3)
  An orc wizard (D:3)
  An iguana (D:3)
  5 adders (D:2)
  An ooze (D:2)
  A worm (D:2)
  2 leopard geckos (D:2)
  6 orcs (D:3)
  2 ball pythons
  7 bats
  3 giant cockroaches
  5 goblins
  7 hobgoblins
  12 kobolds
  3 frilled lizards (D:1)
  5 rats
62 creatures vanquished.

Notes
Turn   | Place    | Note
-------+----------+-------------------------------------------
     0 | D:1      | kiturien the Tengu Air Elementalist began the quest for the Orb.
     0 | D:1      | Reached XP level 1. HP: 10/10 MP: 4/4
   354 | D:1      | Reached XP level 2. HP: 15/15 MP: 1/6
   971 | D:1      | Reached skill level 5 in Air Magic
   971 | D:1      | Reached XP level 3. HP: 19/19 MP: 4/7
  1178 | D:1      | Learned a level 2 spell: Swiftness
  1445 | D:2      | Reached XP level 4. HP: 24/24 MP: 1/8
  2232 | D:2      | Found a shadowy altar of Dithmenos.
  2417 | D:3      | Noticed KristoblXynda's ghost (amateur BaGl)
  2585 | D:3      | Reached skill level 6 in Air Magic
  2603 | D:3      | Learned a level 4 spell: Airstrike
  2854 | D:3      | Gained mutation: You can fly. [Tengu growth]
  2854 | D:3      | Reached XP level 5. HP: 28/28 MP: 4/10
  3601 | D:3      | Slain by KristoblXynda's ghost

Vault maps used:
D:1:      lemuel_arrival_lava_pool, chequers_big_river
D:2:      grunt_dithmenos_smoke_and_mirrors
D:3:      first_bread

Skill      XL: |  1  2  3  4 |
---------------+-------------+-----
Air Magic      | 5 6 |  6.6
Spellcasting   | 3 |  3.7
Dodging        | |  2.1
Stealth        | |  2.3
Conjurations   | |  1.3

Action                   |  1- 3 |  4- 6 || total
-------------------------+-------+-------++-------
Melee: Dagger            |    23 |    34 ||    57
       Kick              |     7 |     7 ||    14
       Unarmed           |     4 |       ||     4
       Peck              |     6 |     1 ||     7
 Cast: Shock             |    59 |    71 ||   130
       Airstrike         |       |     3 ||     3
       Swiftness         |       |     2 ||     2
  Use: Scroll            |     3 |     3 ||     6
       Potion            |     1 |     7 ||     8
  Eat: Chunk             |     2 |     6 ||     8
       Royal jelly       |       |     1 ||     1
Armor: Robe              |     8 |     3 ||    11
Dodge: Dodged            |    27 |    23 ||    50
Block: Other             |     1 |     1 ||     2

Table legend:
 A = Spawn XP
 B = Non-spawn XP
 C = Spawn XP percentage of total XP
 D = Spawn monster count
 E = Non-spawn monster count
 F = Spawn count percentage of total count
 G = Total turns spent on level
                    A         B        C        D         E        F      G
               +---------+---------+-------+---------+---------+-------+---------
         Total |       0 |     286 |   0.0 |       0 |      62 |   0.0 |  3601
               +---------+---------+-------+---------+---------+-------+---------
           D:1 |       0 |      35 |   0.0 |       0 |      23 |   0.0 |  1192
           D:2 |       0 |     104 |   0.0 |       0 |      21 |   0.0 |  1780
           D:3 |       0 |     147 |   0.0 |       0 |      18 |   0.0 |   629
               +---------+---------+-------+---------+---------+-------+---------
